 Dungeon Crawl Stone Soup version 0.30-a0-949-g53dc5368d7 (webtiles) character file.

Game seed: 11537424279180994498

435 bobo the Ruffian (level 6, -11/52 HPs)
             Began as a Draconian Transmuter on Mar 27, 2023.
             Was a Believer of Elyvilon.
             Mangled by an ogre
             ... wielding a +0 giant spiked club
              (18 damage)
             ... on level 4 of the Dungeon.
             The game lasted 00:11:49 (3264 turns).

bobo the Ruffian (Draconian Transmuter)             Turns: 3264, Time: 00:11:49

Health: -11/52     AC:  6    Str: 14 (15) XL:     6   Next: 68%
Magic:  6/9        EV: 12    Int: 11 (13) God:    Elyvilon [**....]
Gold:   144        SH:  0    Dex:  8 (11) Spells: 3/9 levels left

rFire   . . .      SeeInvis .      - Unarmed
rCold   + . .      Faith    .    (no shield)
rNeg    . . .      Spirit   .    (body armour unavailable)
rPois   .          Reflect  .    (helmet restricted)
rElec   .          Rampage  .    (no cloak)
rCorr   .                        (no gloves)
Will    +....                    (no boots)
Stlth   ++                       (no amulet)
HPRegen 0.28/turn                (no ring)
MPRegen 0.11/turn                (no ring)

@: brilliant, attractive, flying
A: AC +6, unfitting armour, cold-blooded, cold resistance 1, strong-willed 1,
MP-powered wands
a: Renounce Religion, Purification, Heal Other


You were on level 4 of the Dungeon.
You worshipped Elyvilon.
Elyvilon was pleased with you.
You visited 1 branch of the dungeon, and saw 4 of its levels.

You collected 144 gold pieces.

Inventory:

Missiles
 o - a throwing net
Armour
 a - a +0 buckler
Jewellery
 g - an amulet of reflection
Scrolls
 e - a scroll of enchant weapon
 j - a scroll of immolation
Potions
 b - 3 potions of resistance


   Skills:
 + Level 3.7 Fighting
 - Level 3.0 Dodging
 - Level 2.4 Stealth
 + Level 4.4 Unarmed Combat
 - Level 2.0 Spellcasting
 + Level 1.5 Conjurations
 - Level 2.0 Transmutations
 + Level 1.4 Air Magic
 + Level 1.6 Poison Magic


You had 3 spell levels left.
You knew the following spells:

 Your Spells              Type           Power      Damage    Failure   Level
a - Beastly Appendage     Tmut           16%        N/A       13%         1
c - Mephitic Cloud        Conj/Pois/Air  6%         N/A       43%         3
z - Wereblood             Tmut           8%         N/A       19%         2

Your spell library contained the following spells:

 Spells                   Type           Power      Damage    Failure   Level
 Poisonous Vapours        Pois/Air       12%        N/A       24%         2
 Cigotuvi's Dreadful Rot  Necr/Pois/Air  10%        N/A       28%         2
 Spider Form              Tmut/Pois      7%         N/A       38%         3
 Ice Form                 Ice/Tmut       4%         N/A       88%         4


Dungeon Overview and Level Annotations

Branches:
Dungeon (4/15)
 Temple: D:4-7

Altars:
Elyvilon

Annotations:
D:4 Eustachio


Innate Abilities, Weirdness & Mutations

Your plain brown scales are hard. (AC +6)
You cannot fit into any form of body armour.
You are cold-blooded and may be slowed by cold attacks.
Your flesh is cold resistant. (rC+)
You are strong-willed. (Will+)
You expend magic power (3 MP) to strengthen your wands.


Message History

It was a potion of degeneration.
There was something very wrong with that liquid.
You feel weakened.
You feel dopey.
You feel clumsy. The rat closely misses you. The white imp barely misses you.
The ogre hits you with a +0 giant spiked club!!
* * * LOW HITPOINT WARNING * * *
The ogre completely misses the iron imp.
The iron imp disappears for a moment.
The iron imp barely misses you.
It was a potion of flight.
You feel very buoyant.
You fly up into the air.
The rat barely misses you. The white imp barely misses you.
The iron imp barely misses you.
It was a potion of attraction.
You feel attractive to monsters. The ogre barely misses you.
The rat twitches its whiskers.
The rat bites you but does no damage. The white imp barely misses you.
The ogre is attracted toward you.
It was a potion of mutation.
You feel extremely strange.
You feel resistant to cold.
You feel strong-willed.
You feel your magical essence link to the dungeon's wands.
The iron imp disappears in a puff of smoke!
The iron imp completely misses you. The rat misses you.
The white imp barely misses you. The ogre barely misses you.
Unknown command.
You aren't carrying any items that you can evoke.
It was a potion of brilliance.
You feel clever all of a sudden. The rat barely misses you.
The white imp closely misses you.
The iron imp hits you but does no damage.
The ogre is attracted toward you.
Press: ? - help, Dir - move target, f - rat, p - ogre Heal: a rat (summoned, chance to pacify: 86%) Unknown command.
You hit the ogre.
The ogre is heavily wounded.
The iron imp disappears in a puff of smoke!
The ogre hits you with a +0 giant spiked club!!
You die...

......# #. #.##..# #. ###
#@##..# #. ..# #O....# #.
#.# #O##.#########
..####.#.##.##.......#
...r.#..!....#####.###
#rb####.##.#####.#.. ###
#@r@OO§.##.##......#
.....###.5#######.##.##.###
#.....## #.##.##.# #######
#....:..# ####.#### ##.##
#...# #>..# #...#


You could see Eustachio, 2 ogres, a white imp (summoned), a quokka (summoned), a
bat (summoned) and 2 rats.

Vanquished Creatures
  Sigmund (D:2)
  4 hounds
  Terence (D:2)
  An orc wizard (D:4)
  4 gnolls (D:4)
  4 adders
  2 worms
  A dart slug (D:2)
  3 orcs (D:4)
  2 ball pythons
  2 bats
  6 endoplasms
  5 goblins
  4 hobgoblins
  2 kobolds (D:3)
  2 quokkas
  3 rats
47 creatures vanquished.

Vanquished Creatures (others)
  A giant cockroach (D:4)
1 creature vanquished.

Grand Total: 48 creatures vanquished

Notes
Turn   | Place    | Note
-------+----------+-------------------------------------------
     0 | D:1      | bobo the Draconian Transmuter began the quest for the Orb.
     0 | D:1      | Reached XP level 1. HP: 16/16 MP: 3/3
    47 | D:1      | Found a faded altar of an unknown god.
   227 | D:1      | Prayed at the altar of an unknown god.
   227 | D:1      | Became a worshipper of Elyvilon the Healer
   227 | D:1      | Reached * piety under Elyvilon
   979 | D:2      | Noticed Sigmund
  1004 | D:2      | Reached XP level 2. HP: 16/23 MP: 5/5
  1085 | D:2      | Noticed Terence
  1099 | D:2      | Killed Terence
  1100 | D:2      | Reached skill level 1 in Stealth
  1100 | D:2      | Reached XP level 3. HP: 29/29 MP: 6/6
  1249 | D:2      | Reached ** piety under Elyvilon
  1354 | D:2      | Killed Sigmund
  1355 | D:2      | Reached skill level 4 in Unarmed Combat
  1355 | D:2      | Reached XP level 4. HP: 3/38 MP: 5/7
  1355 | D:2      | Reached XP level 5. HP: 4/45 MP: 5/8
  1593 | D:2      | Learned a level 2 spell: Wereblood
  1824 | D:2      | Learned a level 3 spell: Mephitic Cloud
  2430 | D:3      | Reached XP level 6. HP: 46/51 MP: 7/9
  2471 | D:3      | Reached skill level 1 in Poison Magic
  2769 | D:4      | Noticed Eustachio
  2771 | D:4      | Reached skill level 1 in Conjurations
  2771 | D:4      | Reached skill level 1 in Air Magic
  3253 | D:4      | HP: 1/52 [rat[Eustachio] (2)]
  3255 | D:4      | Elyvilon protects you from harm!
  3256 | D:4      | Elyvilon protects you from harm!
  3262 | D:4      | Gained mutation: Your flesh is cold resistant. (rC+)
                  | [potion of mutation]
  3262 | D:4      | Gained mutation: You are strong-willed. (Will+) [potion of
                  | mutation]
  3262 | D:4      | Gained mutation: You expend magic power (3 MP) to
                  | strengthen your wands. [potion of mutation]
  3264 | D:4      | Mangled by an ogre

Illustrated notes

Levels and vault maps discovered:
D:1:      grunt_arrival_lava_bath, layout_basic,
          shapermc_ecumenical_altar_ellora
D:2:      layout_basic, uniq_sigmund, uniq_terence
D:3:      layout_loops_ring
D:4:      layout_loops_cross, uniq_eustachio

Skill      XL: |  1  2  3  4  5  6 |
---------------+-------------------+-----
Dodging        | 2 3 |  3.0
Fighting       | 2 3 |  3.7
Stealth        | 1 2 |  2.4
Unarmed Combat | 4 |  4.4
Poison Magic   | 1 |  1.6
Conjurations   | 1 |  1.5
Air Magic      | 1 |  1.4
Spellcasting   | |  2.0
Transmutations | |  2.0

Action                     |  1- 3 |  4- 6 || total
---------------------------+-------+-------++-------
  Melee: Unarmed           |    72 |   119 ||   191
         Tailslap          |     7 |     9 ||    16
         Kick              |       |    20 ||    20
         Headbutt          |       |    14 ||    14
         Punch             |       |     3 ||     3
   Cast: Beastly Appendage |       |    16 ||    16
         Mephitic Cloud    |       |     3 ||     3
         Wereblood         |       |     3 ||     3
 Invoke: Heal Other        |     1 |    11 ||    12
         Purification      |       |     2 ||     2
    Use: Potion            |     2 |     8 ||    10
         Scroll            |       |     7 ||     7
   Stab: Sleeping          |       |     5 ||     5
 Armour: Skin              |    27 |    31 ||    58
  Dodge: Dodged            |    28 |    87 ||   115

Table legend: (Time is in decaauts)
 A = Elapsed time spent in this place.
 B = Non-inter-level travel time spent in this place.
 C = Inter-level travel time spent in this place.
 D = Time resting spent in this place.
 E = Time spent auto-exploring this place.
 F = Levels seen in this place.
 G = Mean time per level.
                   A        B        C        D        E       F      G
               +--------+--------+--------+--------+--------+-----+--------+
         Total |   3251 |   3086 |    165 |    231 |   2233 |   4 |  812.8 |
       Dungeon |   3251 |   3086 |    165 |    231 |   2233 |   4 |  812.8 |
               +--------+--------+--------+--------+--------+-----+--------+

Top non-repeatable levels by time:
     D:2: 998 daAuts
     D:1: 916 daAuts
     D:3: 687 daAuts
     D:4: 649 daAuts
